 Dungeon Crawl Stone Soup version 0.29.0-4-gdea44cf6ec (webtiles) character file.

Game seed: 193679164090836170

203 qw the Chopper (level 5, 0/27 HPs)
             Began as a Tengu Warper on Aug 28, 2022.
             Slain by an orc wizard
             ... wielding a +0 dagger
              (4 damage)
             ... on level 5 of the Dungeon.
             The game lasted 00:00:22 (4107 turns).

qw the Chopper (Tengu Warper)                       Turns: 4107, Time: 00:00:22

Health: 0/27       AC: 10    Str: 12    XL:     5   Next: 81%
Magic:  9/9        EV:  8    Int: 13    God:
Gold:   209        SH:  0    Dex: 13    Spells: 8/8 levels left

rFire   . . .      SeeInvis .   Y - +1 hand axe
rCold   . . .      Faith    .   (no shield)
rNeg    . . .      Spirit   .   e - +0 plate armour
rPois   .          Reflect  .   (helmet restricted)
rElec   .          Harm     .   (no cloak)
rCorr   .          Rampage  .   (no gloves)
Will    .....                   (boots unavailable)
Stlth   ..........              (no amulet)
HPRegen 0.00/turn               g - +4 ring of evasion
MPRegen 0.11/turn               (no ring)

@: flying quickly and evasively, inhibited regen, quick
A: beak, talons 3, nimble flight, frail 1, inhibited regeneration, weak 1
a: no special abilities


You were on level 5 of the Dungeon.
You visited 1 branch of the dungeon, and saw 5 of its levels.

You collected 209 gold pieces.


Innate Abilities, Weirdness & Mutations

You have a beak for a mouth.
You have claws for feet.
Your magical nature lets you fly swiftly and evasively.
You are frail. (-10% HP)
You do not regenerate when monsters are visible.
You are weak. (Str -2)


   Skills:
 - Level 2.0 Fighting
 - Level 6.1 Axes
 - Level 1.0 Throwing
 + Level 2.0 Armour
 - Level 2.1 Dodging
 - Level 2.0 Spellcasting
 - Level 2.4 Translocations


You had 8 spell levels left.
You didn't know any spells.
Your spell library contained the following spells:

 Spells                   Type           Power      Damage    Failure   Level
 Blink                    Tloc           14%        N/A       100%        2
 Gell's Gravitas          Tloc           7%         N/A       100%        3
 Lesser Beckoning         Tloc           7%         N/A       100%        3
 Teleport Other           Tloc           7%         N/A       100%        3
 Manifold Assault         Tloc           7%         N/A       100%        5

Inventory:

Hand Weapons
 b - a +2 whip of draining
 Y - a +1 hand axe (weapon)
Armour
 e - a +0 plate armour (worn)
Jewellery
 g - a +4 ring of evasion (left hand)
Scrolls
 a - a scroll of identify
 i - 2 scrolls of teleportation
Potions
 h - 2 potions of curing {unknown}
 l - a potion of berserk rage {unknown}

Dungeon Overview and Level Annotations

Branches:
Dungeon (5/15)
 Temple: D:4-7

Altars:
Cheibriados
Trog
Xom
Zin


Message History

The orc wizard gestures wildly while chanting.
The orc wizard flickers and vanishes!
Something hits you but does no damage.
You hit something. Your kick misses something. Your peck misses something.
You miss something.
Something hits you but does no damage. x2
You miss something. Your peck misses something. You barely miss something.
Something hits you but does no damage.
You hear some strange, mumbled words.
A magic dart appears from out of thin air!
The magic dart hits you!
You hit something but do no damage. Your peck misses something.
You miss something. Something hits you but does no damage.
You hear some strange, mumbled words.
You are confused.
You're too confused to attack without stumbling around!
There is a strange disturbance nearby!
Something hits you but does no damage. x2
You're too confused to attack without stumbling around!
There is a strange disturbance nearby!
You hear some strange, mumbled words.
A puff of flame appears from out of thin air!
The puff of flame hits you!
You hear some strange, mumbled words.
A magic dart appears from out of thin air!
The magic dart hits you.
You're too confused to attack without stumbling around!
There is a strange disturbance nearby!
Something hits you but does no damage. x2
You're too confused to attack without stumbling around!
There is a strange disturbance nearby!
Something hits you but does no damage. x2
You're too confused to attack without stumbling around!
There is a strange disturbance nearby!
Something hits you but does no damage. Something hits you.
You're too confused to attack without stumbling around!
There is a strange disturbance nearby!
You feel less confused. Something hits you.
You die...

#.. #.# #.. #.#
#..###.######.
#.............
#.#<##.###########
# #.##.# #......#
#.##.## #......#
#.#...# #{)....#
#.#...###@{....#
#.#.....'......#
#.#....##......#
#.#....##.######
#....##.#
...<..##..
#......##..
....#.####...
###.#. ...


There were no monsters in sight!

Vanquished Creatures
  An orc priest (D:5)
  2 jellies (D:4)
  A gnoll (D:2)
  3 adders
  2 worms
  2 dart slugs
  2 orcs
  5 endoplasms
  3 giant cockroaches
  9 goblins
  6 hobgoblins
  An iguana (D:4)
  5 kobolds
  2 quokkas
  7 ball pythons
  8 bats
  4 frilled lizards
  2 rats (D:3)
65 creatures vanquished.

Notes
Turn   | Place    | Note
-------+----------+-------------------------------------------
     0 | D:1      | qw the Tengu Warper began the quest for the Orb.
     0 | D:1      | Reached XP level 1. HP: 12/12 MP: 4/4
     0 | D:1      | 0 ||| qw: Version: 0.1-a-89-g26bdef1
     0 | D:1      | 0 ||| qw: Game counter: 2866
     0 | D:1      | 0 ||| qw: Always use a shield: true
     0 | D:1      | 0 ||| qw: God list: Okawaru
     0 | D:1      | 0 ||| qw: Allow faded altars: false
     0 | D:1      | 0 ||| qw: Do Orc after D:15 true
     0 | D:1      | 0 ||| qw: Do second Lair branch before Depths: true
     0 | D:1      | 0 ||| qw: Lair rune preference: random
     0 | D:1      | 0 ||| qw: Plans: Normal
     0 | D:1      | 0 ||| PLANNING D:1-11
    47 | D:1      | Reached XP level 2. HP: 15/17 MP: 6/6
   258 | D:1      | Reached skill level 3 in Axes
   721 | D:1      | 721 ||| UPGRADING to +0 ring mail.
   731 | D:1      | 731 ||| DROPPING +0 leather armour.
   732 | D:1      | 732 ||| READING 2 scrolls labelled OMIGIWACUM.
   733 | D:1      | 733 ||| READING scroll labelled MAIS HEBLIYVO.
   734 | D:1      | 734 ||| READING scroll labelled GIOGRUYSHRE.
   735 | D:1      | 735 ||| DRINKING 2 fizzy purple potions.
   736 | D:1      | 736 ||| DROPPING scroll of blinking.
   884 | D:2      | 884 ||| FLEEEEING.
   886 | D:2      | 886 ||| FLEEEEING.
   887 | D:2      | 887 ||| FLEEEEING.
   888 | D:2      | 888 ||| FLEEEEING.
   892 | D:2      | 892 ||| STAIRDANCE
   934 | D:1      | 934 ||| DRINKING 2 emerald potions.
   935 | D:1      | 935 ||| DROPPING potion of attraction.
   988 | D:2      | Reached XP level 3. HP: 19/21 MP: 7/7
  1023 | D:2      | 1023 ||| Stepping ~*~*~tactically~*~*~ (stealth).
  1024 | D:2      | 1024 ||| Stepping ~*~*~tactically~*~*~ (stealth).
  1034 | D:2      | Reached skill level 4 in Axes
  1233 | D:2      | Found a snail-covered altar of Cheibriados.
  1272 | D:2      | 1272 ||| Stepping ~*~*~tactically~*~*~ (stealth).
  1443 | D:2      | Reached XP level 4. HP: 26/26 MP: 8/8
  1553 | D:2      | 1553 ||| UPGRADING to +0 chain mail.
  1563 | D:2      | 1563 ||| UPGRADING to +0 plate armour.
  1573 | D:2      | 1573 ||| DROPPING +0 chain mail.
  1574 | D:2      | 1574 ||| DROPPING +0 ring mail.
  1575 | D:2      | 1575 ||| READING scroll labelled LIQITU VALUMALISCH.
  1576 | D:2      | 1576 ||| READING scroll labelled VEDDIE TEAX.
  1579 | D:2      | 1579 ||| DRINKING 2 red potions.
  1579 | D:2      | Gained mutation: You are agile. (Dex +4, Str/Int -1)
                  | [potion of mutation]
  1579 | D:2      | Gained mutation: You are frail. (-10% HP) [potion of
                  | mutation]
  1579 | D:2      | Gained mutation: You have an increased reservoir of magic.
                  | (+10% MP) [potion of mutation]
  1580 | D:2      | 1580 ||| DRINKING potion of mutation.
  1580 | D:2      | Lost mutation: You have an increased reservoir of magic.
                  | (+10% MP) [potion of mutation]
  1580 | D:2      | Lost mutation: You are agile. (Dex +4, Str/Int -1) [potion
                  | of mutation]
  1580 | D:2      | Gained mutation: You are weak. (Str -2) [potion of
                  | mutation]
  1580 | D:2      | Gained mutation: You do not regenerate when monsters are
                  | visible. [potion of mutation]
  1622 | D:3      | Identified the +7 sling of Agoettea {vorpal, Int+4}
  1747 | D:3      | Found a glowing silver altar of Zin.
  2096 | D:3      | 2096 ||| Stepping ~*~*~tactically~*~*~ (stealth).
  2098 | D:3      | 2098 ||| Stepping ~*~*~tactically~*~*~ (stealth).
  2492 | D:3      | 2492 ||| Stepping ~*~*~tactically~*~*~ (hiding).
  2493 | D:3      | 2493 ||| Stepping ~*~*~tactically~*~*~ (hiding).
  2891 | D:3      | 2891 ||| UPGRADING to +4 ring of evasion.
  3257 | D:4      | Found a bloodstained altar of Trog.
  3328 | D:4      | Reached skill level 5 in Axes
  3551 | D:4      | Gained mutation: Your magical nature lets you fly swiftly
                  | and evasively. [Tengu growth]
  3551 | D:4      | Reached XP level 5. HP: 14/27 MP: 9/9
  3630 | D:4      | 3630 ||| FLEEEEING.
  3631 | D:4      | 3631 ||| FLEEEEING.
  3632 | D:4      | 3632 ||| FLEEEEING.
  3633 | D:4      | 3633 ||| FLEEEEING.
  3634 | D:4      | 3634 ||| FLEEEEING.
  3635 | D:4      | 3635 ||| FLEEEEING.
  3636 | D:4      | 3636 ||| FLEEEEING.
  3720 | D:4      | Found a shimmering altar of Xom.
  3986 | D:4      | 3986 ||| READING scroll labelled QUCIWE JODEOFO.
  3987 | D:4      | 3987 ||| DRINKING 2 brown potions.
  4032 | D:4      | 4032 ||| DRINKING 2 golden potions.
  4033 | D:4      | 4033 ||| READING 2 scrolls of identify.
  4033 | D:4      | 4033 ||| IDENTIFYING ruby potion
  4034 | D:4      | 4034 ||| DROPPING potion of lignification.
  4035 | D:4      | 4035 ||| DROPPING potion of brilliance.
  4036 | D:4      | 4036 ||| DROPPING potion of magic.
  4072 | D:5      | Entered Level 5 of the Dungeon
  4091 | D:5      | HP: 4/27 [orc wizard/puff of flame (6)]
  4092 | D:5      | 4092 ||| DRINKING potion of heal wounds.
  4098 | D:5      | Reached skill level 6 in Axes
  4103 | D:5      | HP: 5/27 [something/magic dart (4)]
  4107 | D:5      | Slain by an orc wizard

Levels and vault maps discovered:
D:1:      moated_graveyard_arrival, layout_loops_ring, serial_forest,
          infiniplex_forest_lined_room_, infiniplex_forest_end_1,
          infiniplex_forest_clump_double, infiniplex_forest_clump_tiny,
          infiniplex_forest_clump_diagonal, infiniplex_forest_3_way,
          infiniplex_forest_clump_curved, minmay_pentomino_o2
D:2:      layout_rooms, basic_altar, minmay_bisected
D:3:      layout_loops_corners, zin_statuary
D:4:      layout_basic, dk_xom_monty_hall, trog_three_pillars_becter
D:5:      layout_basic, overflow_temple_1_default, grunt_temple_overflow_open,
          minmay_temple_entry_from_below_a, serial_curves, eino_curves_03,
          eino_curves_03

Skill      XL: |  1  2  3  4  5 |
---------------+----------------+-----
Axes           | 3 4 5 6 |  6.1
Armour         | 2 |  2.0
Fighting       | |  2.0
Throwing       | |  1.0
Dodging        | |  2.1
Spellcasting   | |  2.0
Translocations | |  2.4

Action                   |  1- 3 |  4- 6 || total
-------------------------+-------+-------++-------
Melee: Hand axe          |    79 |    84 ||   163
       Kick              |    12 |    23 ||    35
       Peck              |     6 |     9 ||    15
       Punch             |     1 |     1 ||     2
Throw: Boomerang         |     7 |     3 ||    10
  Use: Scroll            |     3 |     4 ||     7
       Potion            |     2 |     5 ||     7
Armor: Leather armour    |     3 |       ||     3
       Ring mail         |    18 |       ||    18
       Plate armour      |       |    54 ||    54
Dodge: Dodged            |    43 |    18 ||    61

Table legend:
 A = Non-vault XP
 B = Vault XP
 C = Vault XP percentage of total XP
 D = Non-vault monster count
 E = Vault monster count
 F = Vault count percentage of total count
                 A         B        C        D         E       F
            +---------+---------+-------+---------+---------+-------
      Total |     185 |     105 |  36.2 |      57 |       8 |  12.3
            +---------+---------+-------+---------+---------+-------
        D:1 |      14 |       2 |  12.5 |       7 |       2 |  22.2
        D:2 |      49 |      17 |  25.8 |      21 |       3 |  12.5
        D:3 |      42 |       0 |   0.0 |      16 |       0 |   0.0
        D:4 |      37 |      86 |  69.9 |      12 |       3 |  20.0
        D:5 |      43 |       0 |   0.0 |       1 |       0 |   0.0
            +---------+---------+-------+---------+---------+-------
